 Dungeon Crawl Stone Soup version 0.28.0-43-g3370ac3207 (webtiles) character file.

Game seed: 6881337857239607561

41428 Descartes the Grappler (level 13, -34/129 HPs)
             Began as a Troll Chaos Knight on Mar 26, 2022.
             Was a Plaything of Xom.
             Killed from afar by a Brimstone Fiend (51 damage)
             ... with damnation
             ... on level 5 of the Abyss.
             The game lasted 00:46:24 (12994 turns).

Descartes the Grappler (Troll Chaos Knight)        Turns: 12994, Time: 00:46:25

Health: -34/129    AC: 32    Str: 22 (23) XL:     13   Next: 80%
Magic:  15/15      EV: 14    Int:  9 (10) God:    Xom [.*....]
Gold:   200        SH: 22    Dex:  6 (15) Spells: 4/16 levels left

rFire   + + .      SeeInvis +     - Unarmed
rCold   + + .      Faith    .   x - +4 tower shield
rNeg    + . .      Spirit   .   W - +9 scales of the Dragon King {rPois rF+ rC+ Will+}
rPois   +          Reflect  .   (helmet restricted)
rElec   .          Harm     .   H - +1 cloak {Will+}
rCorr   .          Rampage  .   (gloves unavailable)
Will    +++..      Clarity  +   (boots unavailable)
Stlth   ..........              m - amulet of Aseju {Acrobat Fly rF+ rN+}
HPRegen 1.11/turn               h - +4 ring of protection
MPRegen 0.14/turn               A - ring of willpower

@: acrobatic, flying, unable to read
A: large, unfitting armour, claws 3, regeneration 1, shaggy fur 1, tough skin 1,
hooves 1, horns 2, iridescent scales 1, large bone plates 1, thin skeletal
structure 1, see invisible, agile 1, clarity, cold resistance 1, deterioration
1, robust 1, inability to read while threatened
a: Renounce Religion


You were on level 5 of the Abyss.
You worshipped Xom.
You were a plaything of Xom.
You visited 3 branches of the dungeon, and saw 15 of its levels.
You visited the Abyss 1 time.
You also visited: Bailey.

You collected 2898 gold pieces.
You spent 2698 gold pieces at shops.

Inventory:

Hand Weapons
 a - a +2 quarterstaff of chaos
 e - a +4 scimitar of flaming
 j - the +7 hand axe "Ebigg" {vorpal, *Rage rN+ Int+2 Stlth+}
   (You found it on level 9 of the Dungeon)

   It inflicts extra damage upon your enemies.
   Int:       It affects your intelligence (+2).
   rN:        It protects you from negative energy.
   *Rage:     It berserks you when you make melee attacks (+20% chance).
   Stlth:     It makes you more stealthy.
 K - a +5 vampiric halberd
Missiles
 c - 470 stones
 l - 35 poisoned darts
 t - 5 javelins
 J - 21 boomerangs
 R - 12 large rocks
 U - 10 silver javelins
 X - 2 silver boomerangs
Armour
 u - a +2 troll leather armour
 x - a +4 tower shield (worn)
 H - a +1 cloak of willpower (worn)
 W - the +9 scales of the Dragon King (worn) {rPois rF+ rC+ Will+}
   (You bought it in a shop on level 2 of the Orcish Mines)

   rF:        It protects you from fire.
   rC:        It protects you from cold.
   rPois:     It protects you from poison.
   Will:      It increases your willpower.
Jewellery
 b - a ring of ice
 h - a +4 ring of protection (left claw)
 m - the amulet of Aseju (around neck) {Acrobat Fly rF+ rN+}
   (You acquired it on level 12 of the Dungeon)

   [amulet of the acrobat]

   It increases your evasion while moving and waiting.
   rF:        It protects you from fire.
   rN:        It protects you from negative energy.
   Fly:       It grants you flight.
 o - a +4 ring of protection
 v - a ring of fire
 A - a ring of willpower (right claw)
 F - a +6 ring of dexterity
 G - a +6 ring of strength
Wands
 p - a wand of mindburst (12)
 w - a wand of flame (35)
 O - a wand of polymorph (7)
 P - a wand of digging (2)
Scrolls
 f - 7 scrolls of teleportation
 g - 2 scrolls of vulnerability
 s - 3 scrolls of magic mapping
 y - 3 scrolls of silence
 z - 4 scrolls of fog
 D - a scroll of fear
 L - 2 scrolls of summoning
 M - a scroll of enchant armour
 S - a scroll of blinking
 V - a scroll of noise {unknown}
Potions
 d - 5 potions of cancellation
 i - 2 potions of resistance {unknown}
 k - 2 potions of degeneration {unknown}
 n - 5 potions of mutation
 q - 2 potions of flight
 B - 2 potions of haste
 C - 2 potions of magic
 E - a potion of might
 I - a potion of attraction {unknown}
 N - a potion of brilliance {unknown}
 T - a potion of lignification {unknown}
Miscellaneous
 Q - a piece from Xom's chessboard (15/15)


   Skills:
 - Level 5.0 Fighting
 + Level 9.4 Throwing
 + Level 2.7 Armour
 - Level 5.0 Dodging
 + Level 10.1 Shields
 + Level 11.9 Unarmed Combat
 - Level 2.0 Spellcasting
 + Level 7.3 Transmutations
 - Level 5.0 Evocations


You had 4 spell levels left.
You knew the following spells:

 Your Spells              Type           Power      Damage    Failure   Level
a - Blade Hands           Tmut           7%         N/A       100%        5
b - Storm Form            Tmut/Air       3%         N/A       100%        7

Your spell library contained the following spells:

 Spells                   Type           Power      Damage    Failure   Level
 Magic Dart               Conj           0%         1d3       100%        1
 Blink                    Tloc           0%         N/A       100%        2
 Call Imp                 Summ           0%         N/A       100%        2
 Call Canine Familiar     Summ           0%         N/A       100%        3
 Lesser Beckoning         Tloc           0%         N/A       100%        3
 Mephitic Cloud           Conj/Pois/Air  0%         N/A       100%        3
 Portal Projectile        Hex/Tloc       0%         N/A       100%        3
 Leda's Liquefaction      Hex/Erth       0%         N/A       100%        4
 Excruciating Wounds      Necr           0%         N/A       100%        5
 Fireball                 Conj/Fire      0%         3d3       100%        5
 Iskenderun's Battlesphe  Conj           0%         2d6       100%        5
 Manifold Assault         Tloc           0%         N/A       100%        5
 Conjure Ball Lightning   Conj/Air       0%         3x3d6     100%        6
 Orb of Destruction       Conj           0%         9d5       100%        7


Dungeon Overview and Level Annotations

Branches:
Dungeon (12/15)            Temple (1/1) D:6            Lair (0/6) D:11
    Orc (2/2) D:12            Elf (0/3) Orc:2        Bailey (visited)

Altars:
Ashenzari
Cheibriados
Dithmenos
Elyvilon
Fedhas
Gozag
Hepliaklqana
Kikubaaqudgha
Makhleb
Nemelex Xobeh
Okawaru
Qazlal
Ru
Sif Muna
Trog
Uskayaw
Vehumet
Wu Jian
Xom
Yredelemnul
Zin
The Shining One
Beogh

Shops:
D:5 ?   D:9 [   Orc:2 =[*(

Portals:
Abyss: Orc:2

Annotations:
Orc:2 1 transporter


Innate Abilities, Weirdness & Mutations

You are too large for most types of armour.
You have claws for hands.
Your natural rate of healing is unusually fast.
You are covered in fur. (AC +1)
You have tough skin. (AC +1)
You have large cloven feet.
You have a pair of horns on your head.
You are partially covered in iridescent scales. (AC +2)
You are partially covered in large bone plates. (SH +4)
You have a somewhat thin skeletal structure. (Dex +2, Stealth+)
You have supernaturally acute eyesight. (SInv)
You are agile. (Dex +2)
You possess an exceptional clarity of mind.
Your flesh is cold resistant. (rC+)
Your body sometimes deteriorates upon taking damage.
You are robust. (+10% HP)
You sometimes lose the ability to read scrolls when taking damage.


Message History

You scratch the Hell Sentinel but do no damage.
You kick the Hell Sentinel, but do no damage.
You headbutt the Hell Sentinel!
The Hell Sentinel is moderately wounded.
The Hell Sentinel gestures at you.
The sphere of damnation explodes!
The damnation engulfs you!!!
* * * LOW HITPOINT WARNING * * *
Your body deteriorates!
You feel clumsy.
The damnation engulfs the Hell Sentinel.
The Hell Sentinel completely resists.
Your quasit bites the Hell Sentinel but does no damage.
Your quasit claws the Hell Sentinel but does no damage. x2
Your iron imp hits the Hell Sentinel.
You hear a bark!
Okay, then. "This might be better!"
The Hell Sentinel evaporates and reforms as a Brimstone Fiend!
Your quasit bites the Brimstone Fiend.
Your quasit claws the Brimstone Fiend but does no damage.
Your quasit claws the Brimstone Fiend.
The Brimstone Fiend calls on the powers of darkness!
Your body is wracked with pain!
* * * LOW HITPOINT WARNING * * *
You swap places.
Your iron imp hits the Brimstone Fiend but does no damage.
The Brimstone Fiend hits your iron imp!!
Your iron imp dies!
Your iron imp degenerates into a cloud of primal chaos!
A wraith comes into view.
The Brimstone Fiend hits your quasit!!
Your quasit dies!
Your quasit disappears in a puff of smoke!
An efreet comes into view.
It is wielding a +1 scimitar of flaming.
The efreet gestures at you. The bolt of fire hits you. You resist.
* * * LOW HITPOINT WARNING * * *
The Brimstone Fiend gestures at you.
The sphere of damnation explodes!
The damnation engulfs you!!!
You die...
Xom thinks this is hilarious!

## ..# . #. .. .. #
##.# .#... #. . ...
..... # #.#...#
..8..# #.#☼.#.##
#.....###.R..#.#
##.#....###.#..###
##.##...#..1....@...#
... ###..##.###.#.##
# .##...#...## .# . #
#...# #.## .. . #
...##.## .# # .
##.#.. #.# # . #
##.#.# .# _ . # .# #
. . ##


You could see a Brimstone Fiend and an efreet.

Vanquished Creatures
  Jorgrun (Orc:2)
  A sphinx (D:12)
  The ghost of dangdung the Transmogrifier, a journeyman OpTm of Okawaru (Orc:2)
  2 orc warlords
  Azrael (Orc:1)
  Josephine (Orc:2)
  2 boulder beetles
  A two-headed ogre (D:9)
  Erica (D:8)
  A hell hog (Orc:2)
  2 orc high priests (Orc:1)
  Nergalle (D:11)
  A sun demon (Orc:2)
  The ghost of puimuR the Cleaver, a novice DDAK of Lugonu (D:9)
  A glowing orange brain (Orc:2)
  A sea snake (Bailey)
  2 deep elf pyromancers
  2 cyclopes (D:11)
  3 orc knights
  6 orc sorcerers
  Maurice (D:10)
  Psyche (D:12)
  An ice devil (Orc:2)
  2 komodo dragons
  8 trolls
  A large abomination (Abyss:5)
  A hornet (D:8)
  Sigmund (D:3)
  3 wraiths
  5 yaks (D:10)
  A wyvern (D:9)
  A golden eye (D:10)
  4 fire elementals (Orc:1)
  Edmund (D:4)
  6 wargs
  A water moccasin (D:7)
  An acid dragon (D:9)
  3 hell hounds
  34 orc warriors
  3 sky beasts
  A necrophage (D:8)
  An ice beast (D:3)
  3 black bears
  7 ogres
  8 starcursed masses (Abyss:5)
  9 centaurs
  3 kobold brigands
  A bullfrog (D:6)
  A gnoll sergeant (D:8)
  A wyvern zombie (D:7)
  A water moccasin zombie (D:4)
  3 wights (D:8)
  6 howler monkeys
  An electric eel (D:9)
  A bullfrog zombie (D:7)
  8 centaur zombies
  11 orc priests
  5 jellies
  Crazy Yiuf (D:3)
  A bullfrog skeleton (D:5)
  6 iguanas
  Jessica (D:3)
  2 centaur skeletons (D:7)
  7 orc wizards
  A killer bee zombie (D:6)
  A hound zombie (D:5)
  A howler monkey zombie (D:8)
  10 gnolls
  An adder (D:2)
  2 white imps
  An ufetubus (D:5)
  A worm (D:2)
  A dart slug (D:2)
  65 orcs
  6 ball pythons
  10 endoplasms
  3 giant cockroaches
  9 goblins
  12 hobgoblins
  2 jackals (D:2)
  25 kobolds
  5 quokkas
  7 bats
  6 frilled lizards
  A quokka skeleton (D:4)
  6 rats
  A spectral orc (D:7)
377 creatures vanquished.

Vanquished Creatures (collateral kills)
  Rupert (D:11)
  A frost giant (D:11)
  The ghost of dangdung the Fighter, a journeyman OpTm of Okawaru (D:11)
  A cyclops (D:11)
  A troll (D:11)
  2 basilisks (D:11)
  2 wraiths
  A yak (D:11)
  An orc wizard (D:11)
  A white imp (D:5)
  An orc (Orc:2)
  2 kobolds (D:9)
15 creatures vanquished.

Vanquished Creatures (others)
  3 orcs
  18 fungi (Orc:2)
21 creatures vanquished.

Grand Total: 413 creatures vanquished

Notes
Turn   | Place    | Note
-------+----------+-------------------------------------------
     0 | D:1      | Descartes the Troll Chaos Knight began the quest for the
                  | Orb.
     0 | D:1      | Reached XP level 1. HP: 22/22 MP: 0/0
   338 | D:1      | Reached XP level 2. HP: 29/29 MP: 1/1
   506 | D:1      | Found a faded altar of an unknown god.
   522 | D:1      | XOM: silly message
   739 | D:2      | Reached skill level 1 in Throwing
   747 | D:2      | Reached XP level 3. HP: 36/36 MP: 2/2
   880 | D:2      | XOM: silly message
   930 | D:2      | XOM is BORED!
   930 | D:2      | XOM: silly message
   939 | D:2      | Reached skill level 1 in Evocations
  1214 | D:2      | Reached XP level 4. HP: 44/44 MP: 3/3
  1353 | D:2      | XOM: give mutations
  1353 | D:2      | Gained mutation: You have supernaturally acute eyesight.
                  | (SInv) [Xom's grace]
  1353 | D:2      | Gained mutation: You expend magic power (3 MP) to
                  | strengthen your wands. [Xom's grace]
  1375 | D:3      | Found a sparkling altar of Nemelex Xobeh.
  1622 | D:3      | XOM is BORED!
  1622 | D:3      | XOM: noise
  1627 | D:3      | XOM: give mutations
  1627 | D:3      | Gained mutation: You have large cloven feet. [Xom's grace]
  1627 | D:3      | Gained mutation: You possess an exceptional clarity of
                  | mind. [Xom's grace]
  1627 | D:3      | Gained mutation: You are partially covered in large bone
                  | plates. (SH +4) [Xom's grace]
  1675 | D:3      | Noticed Sigmund
  1689 | D:3      | Killed Sigmund
  1690 | D:3      | Reached skill level 4 in Unarmed Combat
  1690 | D:3      | Reached XP level 5. HP: 49/50 MP: 4/4
  1690 | D:3      | Reached XP level 6. HP: 57/59 MP: 5/5
  1747 | D:3      | Noticed Jessica
  1750 | D:3      | Killed Jessica
  1800 | D:3      | Noticed an ice beast
  1809 | D:3      | Killed an ice beast
  1879 | D:3      | XOM: god gift: book of Weapons
  1887 | D:3      | Learned a level 5 spell: Blade Hands
  1984 | D:3      | Found a runed translucent door.
  1985 | D:3      | Noticed Crazy Yiuf
  2170 | D:3      | XOM: scenery: create altars
  2174 | D:3      | Killed Crazy Yiuf
  2417 | D:4      | XOM is BORED!
  2519 | D:4      | Noticed Edmund
  2538 | D:4      | Killed Edmund
  2539 | D:4      | Reached XP level 7. HP: 65/66 MP: 4/6
  2575 | D:4      | Found an opulent altar of Gozag.
  2748 | D:4      | Reached skill level 1 in Transmutations
  2894 | D:5      | Entered Level 5 of the Dungeon
  2898 | D:5      | XOM: potion effect (curing)
  2904 | D:5      | XOM: blink monster(s)
  2905 | D:5      | Reached skill level 5 in Unarmed Combat
  2905 | D:5      | Reached skill level 1 in Spellcasting
  2927 | D:5      | XOM: 2-stop teleportation journey
  2934 | D:5      | XOM: enchant monster (good)
  2995 | D:5      | XOM: noise
  3023 | D:5      | Reached XP level 8. HP: 74/74 MP: 8/8
  3122 | D:5      | Found Gamukemm's Magic Scroll Shoppe.
  3360 | D:6      | Reached skill level 1 in Shields
  3370 | D:6      | Found a staircase to the Ecumenical Temple.
  3370 | D:6      | XOM: destruction
  3417 | D:6      | XOM: confuse monster(s)
  3441 | Temple   | Entered the Ecumenical Temple
  3485 | Temple   | XOM: scenery: create altars
  3776 | D:6      | XOM: god gift: scroll labelled VIORREIMON {god gift}
  3787 | D:6      | XOM: summons 5 hostile demons
  3791 | D:6      | XOM: god gift: 23 gold pieces
  4022 | D:6      | Found a radiant altar of Vehumet.
  4292 | D:6      | XOM: divination: detect creatures
  4368 | D:7      | XOM: scenery: create altars
  4398 | D:7      | Found a shimmering blue altar of Sif Muna.
  4453 | D:7      | Found a hide-covered altar of Uskayaw.
  4540 | D:7      | Reached XP level 9. HP: 80/80 MP: 11/11
  4732 | D:7      | XOM: 2-stop teleportation journey
  4772 | D:7      | Found a basalt altar of Yredelemnul.
  4830 | D:8      | Found a hazy altar of Hepliaklqana.
  4864 | D:8      | Found a shimmering altar of Xom.
  4926 | D:8      | Reached skill level 6 in Unarmed Combat
  5118 | D:8      | XOM: give mutations
  5118 | D:8      | Gained mutation: Your magical capacity is low. (-10% MP)
                  | [Xom's mischief]
  5118 | D:8      | Gained mutation: You sometimes lose the ability to read
                  | scrolls when taking damage. [Xom's mischief]
  5118 | D:8      | Gained mutation: You are weak. (Str -2) [Xom's mischief]
  5119 | D:8      | Noticed Erica
  5134 | D:8      | XOM: confuse monster(s)
  5164 | D:8      | XOM: fog
  5170 | D:8      | Killed Erica
  5171 | D:8      | Reached skill level 5 in Throwing
  5171 | D:8      | Reached skill level 5 in Dodging
  5328 | D:8      | XOM: 1-stop teleportation journey
  5498 | D:8      | XOM: god gift: 3 javelins
  6026 | D:9      | Identified a scroll of acquirement
  6027 | D:9      | Acquired 1223 gold pieces
  6087 | D:9      | Found a flagged portal.
  6092 | D:9      | Identified the +7 hand axe "Ebigg" {vorpal, *Rage rN+ Int+2
                  | Stlth+}
  6099 | Bailey   | Entered a bailey
  6104 | Bailey   | Noticed an orc warlord
  6109 | Bailey   | XOM: give mutations
  6109 | Bailey   | Gained mutation: Your body sometimes deteriorates upon
                  | taking damage. [Xom's mischief]
  6109 | Bailey   | Gained mutation: Armour fits poorly on your strangely
                  | shaped body. [Xom's mischief]
  6109 | Bailey   | Lost mutation: You expend magic power (3 MP) to strengthen
                  | your wands. [Xom's mischief]
  6182 | Bailey   | Reached XP level 10. HP: 92/92 MP: 10/10
  6233 | Bailey   | Found a runed translucent gate.
  6236 | Bailey   | Found a runed translucent gate.
  6238 | Bailey   | Found a runed translucent gate.
  6244 | Bailey   | Noticed an orc knight
  6264 | Bailey   | XOM: cleaving
  6267 | Bailey   | XOM: 7-stop teleportation journey
  6404 | Bailey   | XOM: stat loss: -1 Str (19/20)
  6413 | Bailey   | XOM: enchant monster (bad)
  6423 | Bailey   | Noticed a sea snake
  6423 | Bailey   | an orc knight changed into a sea snake
  6423 | Bailey   | XOM: polymorph orc knight -> sea snake
  6453 | Bailey   | HP: 4/92 [poisoned by a sea snake]
  6454 | Bailey   | HP: 1/92 [poisoned by a sea snake]
  6458 | Bailey   | XOM: stat loss: -1 Dex (9/11)
  6463 | Bailey   | Killed a sea snake
  6583 | Bailey   | Killed an orc warlord
  6584 | Bailey   | Reached skill level 7 in Unarmed Combat
  6603 | Bailey   | Reached skill level 9 in Unarmed Combat
  6603 | Bailey   | Reached XP level 11. HP: 89/101 MP: 9/11
  6612 | Bailey   | Learned a level 7 spell: Storm Form
  6694 | D:9      | Found Mefuijin's Antique Armour Emporium.
  6700 | D:9      | Bought a runed cloak for 202 gold pieces
  6724 | D:9      | Noticed puimuR's ghost (novice DDAK)
  6727 | D:9      | Found a runed translucent door.
  6739 | D:9      | Found an ornate altar of the Wu Jian Council.
  6903 | D:9      | Noticed a two-headed ogre
  6904 | D:9      | XOM: scenery: create altars
  6913 | D:9      | Killed a two-headed ogre
  7209 | D:9      | XOM: cloud trail
  7219 | D:9      | Identified the -3 tower shield of Duklaxagg {rC+} (Xom
                  | gifted it to you on level 9 of the Dungeon)
  7219 | D:9      | XOM: god gift: -3 tower shield of Duklaxagg {rC+}
  7226 | D:9      | Killed puimuR's ghost
  7351 | D:9      | Found a glowing golden altar of the Shining One.
  7430 | D:10     | Entered Level 10 of the Dungeon
  7440 | D:9      | XOM: fake destruction
  7521 | D:10     | Reached skill level 5 in Evocations
  7565 | D:10     | Noticed Maurice
  7590 | D:10     | Killed Maurice
  7629 | D:10     | XOM: destruction
  7785 | D:10     | Noticed a deep elf pyromancer
  7785 | D:10     | XOM: divination: magic mapping
  7787 | D:10     | XOM: divination: detect creatures
  7793 | D:10     | XOM: blink monster(s)
  7804 | D:10     | Killed a deep elf pyromancer
  7978 | D:10     | XOM: polymorph hornet -> golden eye
  7986 | D:10     | Reached skill level 5 in Fighting
  8266 | D:10     | XOM: silly message
  8362 | D:11     | Noticed Nergalle
  8367 | D:11     | XOM: smoke on damage
  8383 | D:11     | Killed Nergalle
  8465 | D:11     | Found a runed translucent gate.
  8465 | D:11     | Noticed dangdung's ghost (journeyman OpTm)
  8466 | D:11     | Found a runed translucent gate.
  8466 | D:11     | Found a runed translucent gate.
  8466 | D:11     | Noticed a frost giant
  8568 | D:11     | Noticed a boulder beetle
  8575 | D:11     | XOM: potion effect (brilliance)
  8589 | D:11     | XOM: silly message
  8607 | D:11     | XOM: divination: magic mapping
  8615 | D:11     | XOM: cast spell 'Leda's Liquefaction'
  8626 | D:11     | Reached XP level 12. HP: 34/111 MP: 3/12
  8663 | D:11     | XOM: 2-stop teleportation journey
  8664 | D:11     | Found a staircase to the Lair.
  8720 | D:11     | XOM: silly message
  8812 | D:11     | Reached skill level 5 in Transmutations
  8942 | D:11     | Reached skill level 10 in Unarmed Combat
  8998 | D:11     | XOM: silly message
  9103 | D:11     | XOM: summons friendly quasit
  9155 | D:11     | Killed a boulder beetle
  9291 | D:11     | XOM: give mutations
  9291 | D:11     | Gained mutation: You have a pair of small horns on your
                  | head. [Xom's grace]
  9291 | D:11     | Lost mutation: You are weak. (Str -2) [Xom's grace]
  9291 | D:11     | Lost mutation: Your magical capacity is low. (-10% MP)
                  | [Xom's grace]
  9291 | D:11     | Gained mutation: Your flesh is cold resistant. (rC+) [Xom's
                  | grace]
  9350 | D:12     | XOM: give mutations
  9350 | D:12     | Gained mutation: You are partially covered in iridescent
                  | scales. (AC +2) [Xom's grace]
  9350 | D:12     | Gained mutation: You are robust. (+10% HP) [Xom's grace]
  9350 | D:12     | Gained mutation: You have a pair of horns on your head.
                  | [Xom's grace]
  9350 | D:12     | Gained mutation: You have a somewhat thin skeletal
                  | structure. (Dex +2, Stealth+) [Xom's grace]
  9385 | D:12     | Noticed a boulder beetle
  9416 | D:12     | Killed a boulder beetle
  9448 | D:12     | Found a staircase to the Orcish Mines.
  9482 | D:12     | Acquired the amulet of Aseju {Acrobat Fly rF+ rN+}
  9530 | D:12     | Noticed Psyche
  9539 | D:12     | Killed Psyche
  9590 | D:12     | XOM: torment (69/122 hp)
  9691 | D:12     | XOM: give mutation
  9691 | D:12     | Gained mutation: You are agile. (Dex +2) [Xom's grace]
  9730 | D:12     | Noticed Rupert
  9839 | D:12     | XOM: divination: detect creatures
  9845 | D:12     | XOM: cleaving
  9878 | D:11     | Killed Rupert
  9933 | D:11     | Killed dangdung's ghost
  9940 | D:11     | Killed a frost giant
  9983 | D:11     | XOM: noise
 10076 | D:12     | XOM: give mutation
 10076 | D:12     | Lost mutation: Armour fits poorly on your strangely shaped
                  | body. [Xom's mischief]
 10097 | Orc:1    | Entered Level 1 of the Orcish Mines
 10097 | Orc:1    | Noticed an orc warlord
 10098 | Orc:1    | XOM: blink monster(s)
 10158 | D:12     | XOM: cleaving
 10162 | D:12     | XOM: blink monster(s)
 10172 | D:12     | Killed an orc warlord
 10315 | Orc:2    | Entered Level 2 of the Orcish Mines
 10315 | Orc:2    | Noticed Azrael
 10332 | Orc:1    | XOM: noise
 10346 | Orc:2    | XOM: cast spell 'Disjunction'
 10346 | Orc:2    | Noticed an orc warlord
 10391 | D:12     | Reached skill level 11 in Unarmed Combat
 10454 | D:12     | XOM: enchant monster (bad)
 10530 | D:12     | Reached XP level 13. HP: 24/128 MP: 15/15
 10533 | D:12     | XOM: swap monsters
 10544 | D:12     | XOM: summons 1 hostile shadow creature
 10602 | D:12     | Noticed a sphinx
 10602 | D:12     | an orc warlord changed into a sphinx
 10602 | D:12     | XOM: polymorph orc warlord -> sphinx
 10608 | D:12     | XOM: blink monster(s)
 10615 | D:12     | XOM: stat loss: -1 Dex (10/15)
 10622 | D:12     | Killed a sphinx
 10719 | Orc:2    | XOM: cast spell 'Summon Ice Beast'
 10737 | Orc:2    | XOM: potion effect (invisibility)
 10752 | Orc:1    | XOM: potion effect (might)
 10772 | Orc:1    | Killed Azrael
 10798 | Orc:2    | XOM: summons 5 friendly demons
 10823 | Orc:2    | Found Jueviumi's Antique Armour Boutique.
 10836 | Orc:1    | XOM: scenery: summon butterflies
 10862 | Orc:2    | XOM: silly message
 10865 | Orc:2    | Found Metyull's Jewellery Emporium.
 10958 | Orc:2    | XOM: silly message
 10973 | Orc:2    | Found a staircase to the Elven Halls.
 10975 | Orc:2    | XOM: silly message
 10982 | Orc:2    | XOM: confuse monster(s)
 11016 | Orc:1    | XOM: smoke on damage
 11162 | Orc:2    | Found a transporter.
 11168 | Orc:2    | Found a one-way gate to the infinite horrors of the Abyss.
 11168 | Orc:2    | Noticed dangdung's ghost (journeyman OpTm)
 11171 | Orc:2    | Noticed an orc warlord
 11210 | Orc:2    | Found a transporter.
 11296 | Orc:2    | Reached skill level 1 in Armour
 11313 | Orc:2    | Found Fuyfeybu's Antique Weapon Boutique.
 11319 | Orc:2    | Found Ucomn's General Store.
 11373 | Orc:2    | XOM: god gift: 4 silver javelins
 11470 | Orc:2    | XOM: scenery: 1 doors close
 11706 | Orc:1    | Noticed an orc warlord
 11713 | Orc:1    | XOM: confuse monster(s)
 11716 | Orc:1    | Noticed Jorgrun
 11745 | Orc:2    | XOM: summons friendly shadow imp
 11753 | Orc:2    | XOM: potion effect (heal wounds)
 11781 | Orc:1    | XOM: god gift: +5 demon trident of chaos
 11793 | Orc:1    | XOM: summons 13 friendly demons
 11819 | D:12     | XOM: summons friendly ice devil
 11828 | D:12     | XOM: 1-stop teleportation journey
 11918 | Orc:2    | XOM: cloud trail
 11940 | Orc:1    | Noticed Josephine
 11970 | Orc:2    | XOM: summons 3 friendly demons
 11983 | Orc:2    | XOM: summons 4 friendly demons
 12013 | Orc:2    | XOM: summons friendly white imp
 12083 | Orc:2    | Killed Josephine
 12186 | Orc:2    | Killed Jorgrun
 12187 | Orc:2    | Reached skill level 10 in Shields
 12287 | Orc:1    | XOM: silly message
 12431 | Orc:2    | Bought the +9 scales of the Dragon King {rPois rF+ rC+
                  | Will+} for 2496 gold pieces
 12431 | Orc:2    | Found the +9 scales of the Dragon King {rPois rF+ rC+
                  | Will+}
 12562 | Orc:1    | XOM: silly message
 12656 | Orc:1    | XOM: divination: detect creatures
 12758 | Orc:2    | XOM: potion effect (invisibility)
 12776 | Orc:2    | XOM: potion effect (curing)
 12792 | Orc:2    | Killed dangdung's ghost
 12815 | Orc:2    | XOM: cast spell 'Olgreb's Toxic Radiance'
 12818 | Orc:2    | Cast into level 3 of the Abyss (orc warlord)
 12818 | Abyss:3  | Found a corrupted altar of Lugonu.
 12820 | Abyss:3  | Noticed a Hell Sentinel
 12881 | Abyss:5  | Entered Level 5 of the Abyss
 12881 | Abyss:5  | Noticed a bunyip
 12886 | Abyss:5  | XOM: potion effect (brilliance)
 12891 | Abyss:5  | XOM: divine lightning
 12893 | Abyss:5  | XOM: summons 9 friendly demons
 12905 | Abyss:5  | Found a corrupted altar of Lugonu.
 12908 | Abyss:5  | Noticed a starcursed mass
 12909 | Abyss:5  | XOM: summons friendly white imp
 12969 | Abyss:5  | Noticed a Hell Sentinel
 12973 | Abyss:5  | XOM: polymorph white imp -> crimson imp
 12980 | Abyss:5  | XOM: summons 2 friendly demons
 12986 | Abyss:5  | Noticed a Brimstone Fiend
 12986 | Abyss:5  | a Hell Sentinel changed into a Brimstone Fiend
 12986 | Abyss:5  | XOM: polymorph Hell Sentinel -> Brimstone Fiend
 12994 | Abyss:5  | Killed from afar by a Brimstone Fiend

Illustrated notes

Levels and vault maps discovered:
D:1:      minmay_arrival_diagonal_passages, layout_basic, basic_ecumenical_altar
D:2:      layout_basic, minmay_nonomino_d4
D:3:      layout_basic, mainiacjoe_overflow_alcove_1, columned_hall_lemuel,
          minmay_misc_feat_encased, uniq_jessica, uniq_crazy_yiuf_cottage,
          uniq_sigmund
D:4:      layout_basic, nicolae_overflow_crystal_walls, uniq_edmund
D:5:      layout_gridville, serial_shops, shop
D:6:      layout_basic, lemuel_doored_altar, minmay_temple_entry_overgrown,
          roderic_lattice_a, nrook_mini_vaults
D:7:      layout_basic, nicolae_uskayaw_dance_studio, lemuel_crystal_altar,
          yredelemnul_forgotten_temple_becter
D:8:      layout_basic, mainiacjoe_overflow_six_doors_small, dk_xom_monty_hall,
          chequers_serial_rivers_room_b, uniq_erica
D:9:      layout_loops_ring, nzn_wu_jian_council_hall,
          lemuel_coloured_pillars_altar, serial_shops, shop,
          hellmonk_ghost_happy_afterlife, enter_bailey_2, minivault_4,
          solitary_fountain
D:10:     layout_cave_pods, uniq_maurice
D:11:     layout_gridville, lair_entry_dummy, gammafunk_ghost_split,
          uniq_nergalle
D:12:     layout_rooms, david_orc_2, uniq_rupert, uniq_psyche
Temple:   minmay_temple_bridge_abc
Orc:1:    layout_caves, uniq_josephine, uniq_jorgrun
Orc:2:    grunt_orc_gardens, layout_caves, grunt_orc_garden, grunt_orc_garden,
          grunt_orc_garden, grunt_orc_garden, gammafunk_ghost_abyssal_escape,
          minmay_orc_temple_a, uniq_azrael
Abyss:5:  base: D:12, hangedman_abyss_theft,
          due_evilmike_abyss_rune_seething_liches, minivault_5,
          bh_abyss_xom_lugonu_altar, hangedman_abyss_rune_macabre_mess

Skill      XL: |  1  2  3  4  5  6  7  8  9 10 11 12 13 |
---------------+----------------------------------------+-----
Dodging        | 2 3 4 5 |  5.0
Throwing       | 1 2 3 4 5 6 8 9 |  9.4
Evocations     | 1 2 3 4 5 |  5.0
Unarmed Combat | 4 5 6 9 11 | 11.9
Transmutations | 1 2 3 4 6 7 |  7.3
Spellcasting   | 1 2 |  2.0
Shields        | 2 3 7 8 9 10 | 10.1
Fighting       | 3 4 5 |  5.0
Armour         | 2 |  2.7

Action                   |  1- 3 |  4- 6 |  7- 9 | 10-12 | 13-15 || total
-------------------------+-------+-------+-------+-------+-------++-------
Melee: Unarmed           |   116 |    92 |   360 |   551 |   437 ||  1556
       Punch             |     2 |     7 |     1 |       |       ||    10
       Kick              |       |    13 |   109 |   223 |   149 ||   494
       Headbutt          |       |       |       |    36 |    88 ||   124
Throw: Throwing net      |       |       |       |     3 |       ||     3
       Stone             |       |       |       |     1 |       ||     1
Evoke: Wand              |       |       |       |     6 |       ||     6
  Use: Scroll            |       |       |    11 |     7 |       ||    18
       Potion            |       |       |     2 |     8 |       ||    10
 Stab: Sleeping          |     1 |       |       |       |       ||     1
       Confused          |       |       |     1 |       |       ||     1
       Held in net/web   |       |       |       |     1 |       ||     1
       Invisible         |       |       |       |       |     3 ||     3
Armor: Robe              |    55 |    31 |   123 |    49 |       ||   258
       Troll leather arm |       |       |       |   206 |    84 ||   290
       Gold dragon scale |       |       |       |       |    14 ||    14
Dodge: Dodged            |    62 |    28 |    70 |   186 |    89 ||   435
Block: Other             |       |     2 |     4 |       |       ||     6
       Tower shield      |       |       |   319 |   863 |   565 ||  1747
